 Dungeon Crawl Stone Soup version 0.31.0-12-g77e489cdc1 (webtiles) character file.

Game seed: 4879970211316005429

3369 Cheez the Protected (level 10, -1/74 (76) HPs)
             Began as a Gnoll Wanderer on Feb 9, 2024.
             Slain by a wight
             ... wielding a +6 long sword
              (10 damage)
             ... on level 9 of the Dungeon on Feb 16, 2024.
             The game lasted 00:57:59 (6239 turns).

Cheez the Protected (Gnoll Wanderer)                Turns: 6239, Time: 00:58:00

HP:   -1/74 (76)    AC: 12    Str: 18    XL:     10   Next: 3%
MP:   17/17         EV: 12    Int:  9    God:
Gold: 517           SH:  0    Dex: 12    Spells: 19/19 levels left

rFire   . . .        B - +7 Throatcutter {drain, coup de grace}
rCold   . . .        (no shield)
rNeg    + . .        H - +0 swamp dragon scales
rPois   +            (no helmet)
rElec   .            (no cloak)
rCorr   .            f - +0 pair of gloves
SInv    +            (no boots)
Will    .....        (no amulet)
Stlth   ++           o - ring of positive energy
HPRegen 0.32/turn    r - ring of see invisible
MPRegen 0.15/turn

%: no passive effects
@: lightly drained
A: fangs 1, strong nose, distributed training
a: no special abilities


You were on level 9 of the Dungeon.
You visited 2 branches of the dungeon, and saw 10 of its levels.
You also visited: Sewer.

You collected 517 gold pieces.

Inventory:

Hand Weapons
 d - a +0 flail
 A - a +2 heavy quarterstaff
 B - the +7 Throatcutter (weapon) {drain, coup de grace}
   (You found it on level 5 of the Dungeon)
 E - a +2 heavy long sword
 G - a +0 glaive of flaming
 I - a +5 morningstar
Missiles
 c - 26 poisoned darts (quivered)
 t - 3 boomerangs
 y - 2 darts of dispersal
Armour
 a - an orb of energy
 f - a +0 pair of gloves (worn)
 H - +0 swamp dragon scales (worn)
Magical Staves
 D - a staff of earth
Jewellery
 b - a ring of willpower
 o - a ring of positive energy (left hand)
 r - a ring of see invisible (right hand)
Wands
 p - a wand of flame (21)
 F - a wand of paralysis (7)
Scrolls
 e - a scroll of identify
 j - 4 scrolls of immolation
 l - 4 scrolls of teleportation
 s - a scroll of revelation {unknown}
 u - a scroll of brand weapon {unknown}
 x - 2 scrolls of silence
 C - 2 scrolls of enchant weapon {unknown}
Potions
 g - a potion of ambrosia
 h - a potion of resistance {unknown}
 i - 5 potions of heal wounds
 k - 2 potions of brilliance
 m - a potion of might
 n - 2 potions of cancellation
 q - 2 potions of invisibility
 v - a potion of degeneration {unknown}
 w - a potion of lignification {unknown}
 z - a potion of haste {unknown}


   Skills:
 + Level 5.7 Fighting
 + Level 5.0 Short Blades
 + Level 5.0 Long Blades
 + Level 6.9 Axes
 + Level 5.0 Maces & Flails
 + Level 5.0 Polearms
 + Level 5.0 Staves
 + Level 5.0 Ranged Weapons
 + Level 6.9 Throwing
 + Level 11.5 Armour
 + Level 5.0 Dodging
 + Level 5.0 Stealth
 + Level 5.0 Shields
 + Level 5.0 Unarmed Combat
 + Level 5.0 Spellcasting
 + Level 4.1 Conjurations
 + Level 4.1 Hexes
 + Level 4.1 Summonings
 + Level 4.1 Necromancy
 + Level 4.1 Translocations
 + Level 4.1 Fire Magic
 + Level 4.1 Ice Magic
 + Level 4.1 Air Magic
 + Level 4.1 Earth Magic
 + Level 4.1 Alchemy
 + Level 5.5 Invocations
 + Level 5.0 Evocations
 + Level 4.5 Shapeshifting


You had 19 spell levels left.
You didn't know any spells.
Your spell library contained the following spells:

 Spells                   Type           Power      Damage    Failure   Level
 Kiss of Death            Conj/Necr      36%        2d8       7%          1
 Cigotuvi's Dreadful Rot  Necr/Alch/Air  18%        N/A       11%         2
 Ensorcelled Hibernation  Hex/Ice        18%        N/A       11%         2
 Scorch                   Fire           18%        2d5       11%         2
 Confusing Touch          Hex            9%         N/A       21%         3
 Passwall                 Erth           9%         N/A       21%         3
 Swiftness                Air            9%         N/A       21%         3
 Animate Armour           Summ/Erth      18%        N/A       56%         4
 Dispel Undead            Necr           9%         3d8       56%         4
 Flame Wave               Conj/Fire      9%         2d6       56%         4
 Martyr's Knell           Necr/Summ      9%         N/A       56%         4
 Summon Lightning Spire   Summ/Air       9%         N/A       56%         4
 Lee's Rapid Deconstruct  Erth           4%         3d5*      88%         5
 Death Channel            Necr           4%         N/A       100%        6
 Summon Cactus Giant      Summ           4%         N/A       100%        6


Dungeon Overview and Level Annotations

Branches:
Dungeon (9/15)             Temple (1/1) D:7           Sewer (visited)
   Lair: D:8-11         Orc: D:9-12

Altars:
Ashenzari
Cheibriados
Dithmenos
Elyvilon
Fedhas
Gozag
Hepliaklqana
Kikubaaqudgha
Makhleb
Nemelex Xobeh
Okawaru
Qazlal
Ru
Sif Muna
Trog
Uskayaw
Vehumet
Wu Jian
Xom
Yredelemnul
Zin
The Shining One

Shops:
D:3 (


Innate Abilities, Weirdness & Mutations

You have very sharp teeth.
Your uncanny sense of smell can sniff out nearby items.
Your experience applies equally to all skills.


Message History

Your Spellcasting skill increases to level 5!
Your Evocations skill increases to level 5!
You have reached level 10!
You barely miss the wight. You bite the wight, but do no damage.
The wight hits you with a +0 mace. You partially resist.
You feel drained.
You slash the wight!
You behead the wight!
You destroy the wight!
Your life force feels restored.
Things that are here:
a +5 morningstar; a +0 robe
I - a +5 morningstar
There is a stone staircase leading down, spattered with blood here.
Things that are here:
a +0 mace; a +0 robe You climb downwards.
The wight hits you but does no damage. The wight closely misses you. x2
There is a stone staircase leading up here.
You slash the wight! You punch the wight.
The wight is almost destroyed.
The wight hits you but does no damage. The wight barely misses you.
You hit the wight but do no damage.
The wight is almost destroyed.
The wight barely misses you. The wight completely misses you.
You completely miss the wight.
The wight is almost destroyed.
The wight barely misses you. The wight hits you but does no damage.
You closely miss the wight.
The wight is almost destroyed.
The wight misses you. The wight closely misses you.
You slash the wight!
You destroy the wight!
The wight misses you. The wight barely misses you.
The wight hits you with a +6 long sword!
You partially resist.
You feel drained.
The wight hits you with a +0 morningstar!
* * * LOW HITPOINT WARNING * * *
You partially resist.
You feel drained.
* * * LOW HITPOINT WARNING * * *
The wight hits you with a +6 long sword!
You die...

#.#....# .
#.#....# #.
#.#....#
...##.#....
.......... ##
#....z...#?.#.#
.........[..(#
#@.#
#.....zz.......
.>....#########
######


You could see 3 wights.

Vanquished Creatures
  A cyclops (D:8)
  Maggie (D:8)
  A wyvern (D:8)
  A water moccasin (D:7)
  3 sky beasts
  2 ice beasts
  6 kobold brigands
  A bullfrog (D:8)
  4 scorpions
  9 wights
  4 killer bees (D:7)
  A howler monkey (D:4)
  A bombardier beetle (D:5)
  2 hounds
  2 jellies
  3 orc priests
  A sleepcap (D:4)
  3 orc wizards
  5 adders
  6 river rats (Sewer)
  A shadow imp (D:7)
  A white imp (D:8)
  2 dart slugs (D:1)
  3 ribbon worms
  27 orcs
  13 ball pythons
  8 bats
  7 endoplasms
  3 giant cockroaches
  3 goblins
  6 hobgoblins
  13 jackals
  6 quokkas
  3 frilled lizards
  28 kobolds
  23 rats
204 creatures vanquished.

Notes
Turn   | Place    | Note
-------+----------+-------------------------------------------
     0 | D:1      | Reached skill level 10 in Armour
     0 | D:1      | Cheez the Gnoll Wanderer began the quest for the Orb.
     0 | D:1      | Cheez set off with the following items: a +0 hand axe, a +2
                  | scale mail, 11 poisoned darts, a +0 dagger, a potion of
                  | curing.
     0 | D:1      | Reached XP level 1. HP: 17/17 MP: 1/1
    50 | D:1      | Found a faded altar of an unknown god.
    78 | D:1      | Reached XP level 2. HP: 19/23 MP: 2/2
   276 | D:1      | Upgraded the game from 0.31.0-11-ge490571c62 to
                  | 0.31.0-12-g77e489cdc1
   322 | D:1      | Reached XP level 3. HP: 18/28 MP: 3/3
   357 | D:1      | Reached skill level 1 in Invocations
   456 | D:1      | You fall into a shaft and drop 1 floor!
   537 | D:2      | Reached skill level 1 in Short Blades
   537 | D:2      | Reached skill level 1 in Long Blades
   537 | D:2      | Reached skill level 1 in Maces & Flails
   537 | D:2      | Reached skill level 1 in Polearms
   537 | D:2      | Reached skill level 1 in Staves
   537 | D:2      | Reached skill level 1 in Ranged Weapons
   537 | D:2      | Reached skill level 1 in Dodging
   537 | D:2      | Reached skill level 1 in Stealth
   537 | D:2      | Reached skill level 1 in Shields
   537 | D:2      | Reached skill level 1 in Unarmed Combat
   537 | D:2      | Reached skill level 1 in Spellcasting
   537 | D:2      | Reached skill level 1 in Evocations
   801 | D:2      | Reached skill level 1 in Shapeshifting
   801 | D:2      | Reached XP level 4. HP: 29/34 MP: 5/5
  1412 | D:3      | Reached skill level 1 in Conjurations
  1412 | D:3      | Reached skill level 1 in Hexes
  1412 | D:3      | Reached skill level 1 in Summonings
  1412 | D:3      | Reached skill level 1 in Necromancy
  1412 | D:3      | Reached skill level 1 in Translocations
  1412 | D:3      | Reached skill level 1 in Fire Magic
  1412 | D:3      | Reached skill level 1 in Ice Magic
  1412 | D:3      | Reached skill level 1 in Air Magic
  1412 | D:3      | Reached skill level 1 in Earth Magic
  1412 | D:3      | Reached skill level 1 in Alchemy
  1498 | D:3      | Reached XP level 5. HP: 22/41 MP: 7/7
  1977 | D:3      | Found Faik's Weapon Emporium.
  2386 | D:4      | Reached XP level 6. HP: 40/47 MP: 8/8
  2405 | D:4      | Reached skill level 5 in Axes
  2405 | D:4      | Reached skill level 5 in Throwing
  3024 | D:5      | Entered Level 5 of the Dungeon
  3105 | D:5      | Noticed an ice beast
  3259 | D:5      | Killed an ice beast
  3260 | D:5      | Reached XP level 7. HP: 46/52 MP: 10/10
  3336 | D:5      | Found a glowing drain.
  3340 | Sewer    | Entered a sewer
  4392 | D:5      | Reached XP level 8. HP: 42/60 MP: 12/12
  4410 | D:5      | Found the +7 Throatcutter {drain, coup de grace}
  4972 | D:7      | Reached skill level 11 in Armour
  5008 | D:7      | Found a blossoming altar of Fedhas.
  5009 | D:7      | Found a shimmering altar of Xom.
  5136 | D:7      | Reached XP level 9. HP: 13/66 MP: 14/14
  5228 | D:7      | Found a staircase to the Ecumenical Temple.
  5235 | Temple   | Entered the Ecumenical Temple
  5843 | D:8      | Noticed Maggie
  5847 | D:8      | Paralysed by Maggie for 2 turns
  5857 | D:8      | Killed Maggie
  5858 | D:8      | Reached skill level 5 in Fighting
  6013 | D:8      | Reached skill level 5 in Invocations
  6130 | D:8      | Noticed a cyclops
  6138 | D:8      | Killed a cyclops
  6227 | D:8      | Reached skill level 5 in Short Blades
  6227 | D:8      | Reached skill level 5 in Long Blades
  6227 | D:8      | Reached skill level 5 in Maces & Flails
  6227 | D:8      | Reached skill level 5 in Polearms
  6227 | D:8      | Reached skill level 5 in Staves
  6227 | D:8      | Reached skill level 5 in Ranged Weapons
  6227 | D:8      | Reached skill level 5 in Dodging
  6227 | D:8      | Reached skill level 5 in Stealth
  6227 | D:8      | Reached skill level 5 in Shields
  6227 | D:8      | Reached skill level 5 in Unarmed Combat
  6227 | D:8      | Reached skill level 5 in Spellcasting
  6227 | D:8      | Reached skill level 5 in Evocations
  6227 | D:8      | Reached XP level 10. HP: 37/76 MP: 17/17
  6239 | D:9      | Slain by a wight

Illustrated notes

Levels and vault maps discovered:
D:1:      dpeg_arrival_stone_temple_mockup, layout_basic,
          shapermc_ecumenical_altar_venn
D:2:      layout_basic
D:3:      layout_basic, serial_shops, shop
D:4:      layout_basic
D:5:      layout_cave_pools, gup_sewer_entry_bowl, serial_bayou_pond_c,
          minivault_14, dilly_guarded_unrand_throatcut
D:6:      layout_basic, serial_aquarium, aquarium_bridge_square
          [aquarium_subvault_bridge, aquarium_subvault_wall,
          aquarium_subvault_window, aquarium_subvault_window],
          aquarium_bridge_long_joined [aquarium_subvault_wall,
          aquarium_subvault_wall, aquarium_subvault_window,
          aquarium_subvault_bridge, aquarium_subvault_window,
          aquarium_subvault_bridge], aquarium_window_1, aquarium_window_corner,
          aquarium_window_corridor_1, aquarium_view_2g, aquarium_balcony_3b,
          aquarium_pool_2
D:7:      layout_rooms, mainiacjoe_overflow_divided_tiny,
          minmay_temple_entry_tees, enter_bailey_2, serial_aquarium,
          aquarium_bridge_long_separate [aquarium_subvault_bridge,
          aquarium_subvault_wall, aquarium_subvault_bridge,
          aquarium_subvault_balcony, aquarium_subvault_bridge,
          aquarium_subvault_wall], aquarium_window_fake, aquarium_window_2,
          aquarium_view_2b, aquarium_balcony_3a, columned_hall_lemuel
D:8:      layout_gridville, uniq_maggie, uniq_maurice
D:9:      layout_loops_ring, uniq_pikel
Temple:   mainiacjoe_temple_big_plus

Skill      XL: |  1  2  3  4  5  6  7  8  9 |
---------------+----------------------------+-----
Armour         | 11 | 11.5
Invocations    | 1 2 3 4 5 |  5.5
Short Blades   | 1 2 3 5 |  5.0
Long Blades    | 1 2 3 5 |  5.0
Maces & Flails | 1 2 3 5 |  5.0
Polearms       | 1 2 3 5 |  5.0
Staves         | 1 2 3 5 |  5.0
Ranged Weapons | 1 2 3 5 |  5.0
Dodging        | 1 2 3 5 |  5.0
Stealth        | 1 2 3 5 |  5.0
Shields        | 1 2 3 5 |  5.0
Unarmed Combat | 1 2 3 5 |  5.0
Spellcasting   | 1 2 3 5 |  5.0
Evocations     | 1 2 3 5 |  5.0
Shapeshifting  | 1 2 3 4 |  4.5
Conjurations   | 1 2 3 4 |  4.1
Hexes          | 1 2 3 4 |  4.1
Summonings     | 1 2 3 4 |  4.1
Necromancy     | 1 2 3 4 |  4.1
Translocations | 1 2 3 4 |  4.1
Fire Magic     | 1 2 3 4 |  4.1
Ice Magic      | 1 2 3 4 |  4.1
Air Magic      | 1 2 3 4 |  4.1
Earth Magic    | 1 2 3 4 |  4.1
Alchemy        | 1 2 3 4 |  4.1
Fighting       | 3 4 5 |  5.7
Axes           | 5 6 |  6.9
Throwing       | 5 6 |  6.9

Action                     |  1- 3 |  4- 6 |  7- 9 | 10-12 || total
---------------------------+-------+-------+-------+-------++-------
  Melee: Hand axe          |   144 |    71 |       |       ||   215
         Bite              |    13 |    24 |    31 |     1 ||    69
         Punch             |     1 |     1 |     8 |     1 ||    11
         Flail             |       |   149 |   235 |       ||   384
         Long sword        |       |       |   135 |     7 ||   142
  Throw: Dart              |       |       |     4 |       ||     4
  Evoke: Wand              |       |    19 |     3 |       ||    22
    Use: Scroll            |     1 |     3 |     9 |       ||    13
         Potion            |       |       |     3 |       ||     3
   Stab: Sleeping          |       |       |     1 |       ||     1
 Armour: Scale mail        |   148 |   312 |   421 |       ||   881
         Swamp dragon scal |       |       |    52 |     7 ||    59
  Dodge: Dodged            |    79 |   266 |   327 |    10 ||   682
